 Dungeon Crawl Stone Soup version 0.31-a0-971-g75a2e9a4b4 (webtiles) character file.

Game seed: 12915387076386378286

707 BinkBink the Ducker (level 7, -2/50 HPs)
             Began as an Octopode Fighter on Oct 28, 2023.
             Succumbed to Duvessa's poison
             ... on level 5 of the Dungeon.
             The game lasted 00:05:25 (3380 turns).

BinkBink the Ducker (Octopode Fighter)              Turns: 3380, Time: 00:05:26

Health: -2/50      AC:  1    Str: 17    XL:     7   Next: 67%
Magic:  7/7        EV: 14    Int: 10    God:
Gold:   184        SH:  6    Dex: 12    Spells: 6/6 levels left

rFire   . .          .
                       - Unarmed
rCold   . . .        a - +1 buckler
rNeg    . . .        (helmet restricted)
rPois   .            (no amulet)
rElec   .            h - ring of willpower
rCorr   .            (no ring)
SInv    .            (no ring)
Will    +....        (no ring)
Stlth   ++           (no ring)
HPRegen 0.28/turn    (no ring)
MPRegen 0.10/turn    (no ring)
                     (no ring)

%: no passive effects
@: brilliant, lethally poisoned (-2 -> -14)
A: almost no armour, amphibious, 8 rings, camouflage 1, gelatinous body 1,
(nimble swimmer 1), tentacles
a: no special abilities


You were on level 5 of the Dungeon.
You visited 1 branch of the dungeon, and saw 5 of its levels.

You collected 184 gold pieces.

Inventory:

Missiles
 n - 5 curare-tipped darts
Armour
 a - a +1 buckler (worn)
Jewellery
 h - a ring of willpower (left tentacle)
Wands
 l - a wand of roots (8)
Scrolls
 e - a scroll of enchant weapon {unknown}
 f - 3 scrolls of identify
 k - a scroll of immolation {unknown}
Potions
 b - a potion of might
 c - 2 potions of brilliance
 d - 5 potions of lignification
 g - 2 potions of enlightenment
 i - a potion of degeneration {unknown}
 j - a potion of heal wounds {unknown}
 m - 2 potions of curing {unknown}


   Skills:
 + Level 5.0 Fighting
 + Level 5.0 Dodging
 + Level 5.0 Shields
 + Level 4.5 Unarmed Combat


You had 6 spell levels left.
You didn't know any spells.
Your spell library contained the following spells:

 Spells                   Type           Power      Damage    Failure   Level
 Apportation              Tloc           0%         N/A       43%         1
 Necrotise                Necr           0%         1d4       43%         1
 Sting                    Tmut/Pois      0%         1d3       43%         1
 Summon Small Mammal      Summ           0%         N/A       43%         1


Dungeon Overview and Level Annotations

Branches:
Dungeon (5/15)
 Temple: D:4-7

Altars:
Fedhas
Zin

Shops:
D:1 (

Annotations:
D:3 3 runed translucent doors, ongoing's ghost, amateur OpSh
D:5 Dowan; Duvessa


Innate Abilities, Weirdness & Mutations

You cannot wear most types of armour.
You are amphibious.
You can wear up to eight rings at the same time.
Your skin changes colour to match your surroundings (Stealth+).
Your rubbery body absorbs attacks. (AC +1, EV +1)
((You are camouflaged when in or above water. (Stealth+)))
You have tentacles for arms and can constrict up to eight enemies at once.


Message History

Dowan, Brother of Duvessa comes into view.
He is wielding a +0 dagger.
Dowan shouts!
You block Duvessa's attack.
You tentacle-slap Duvessa. Your grab misses Duvessa.
Duvessa is lightly wounded.
Duvessa hits you with a +2 rapier of venom!
Dowan says, "Magic and the sword, together, will defeat you."
Dowan hits you with a +0 dagger!
You tentacle-slap Duvessa. You grab Duvessa.
Duvessa is lightly wounded.
You constrict Duvessa. Duvessa misses you. Dowan hits you with a +0 dagger.
You release your grip on Duvessa.
You closely miss Dowan. You grab Dowan. You constrict Dowan.
Dowan closely misses you.
You release your grip on Dowan.
You tentacle-slap Duvessa. You grab Duvessa.
You tentacle-slap Duvessa, but do no damage.
You squeeze Duvessa.
Duvessa is moderately wounded.
You constrict Duvessa.
Duvessa hits you with a +2 rapier of venom!
You barely miss Duvessa.
Duvessa is heavily wounded.
You constrict Duvessa.
Duvessa hits you with a +2 rapier of venom.
You tentacle-slap Duvessa.
Duvessa is severely wounded.
You constrict Duvessa.
Duvessa hits you with a +2 rapier of venom!
* * * LOW HITPOINT WARNING * * *
You bludgeon Duvessa!
Duvessa is almost dead.
You constrict Duvessa, but do no damage.
Duvessa hits you with a +2 rapier of venom!
* * * LOW HITPOINT WARNING * * *
You are lethally poisoned!
It was a potion of brilliance.
You feel clever all of a sudden.
You constrict Duvessa.
You die...

# ####..# #.##.....#
#.#......# ........#
#.....# # #...# # #e#
#e# #@# #.# #.# ...
#.# #.# #.# #.# #.#
#.# ##.# #.# #.# #..#
#.# #.# #.###### #.#
#.# #######
##.##...####.###.###
.......
##...#...............


You could see Duvessa and Dowan.

Vanquished Creatures
  Sigmund (D:3)
  A black bear (D:5)
  2 phantoms
  3 hounds (D:4)
  A jelly (D:5)
  2 iguanas (D:5)
  4 gnolls (D:4)
  4 adders
  2 dart slugs
  2 orcs (D:3)
  14 endoplasms
  4 giant cockroaches
  5 goblins
  4 hobgoblins
  3 quokkas
  5 ball pythons
  A frilled lizard (D:3)
  10 kobolds
  5 rats
73 creatures vanquished.

Notes
Turn   | Place    | Note
-------+----------+-------------------------------------------
     0 | D:1      | BinkBink the Octopode Fighter began the quest for the Orb.
     0 | D:1      | Reached XP level 1. HP: 16/16 MP: 1/1
   346 | D:1      | Reached XP level 2. HP: 21/21 MP: 2/2
   516 | D:1      | Found a faded altar of an unknown god.
   529 | D:1      | Got Plato's Folio of Transmogrification and Toxins
   539 | D:1      | Found Napnaanodi's Weapon Emporium.
   726 | D:1      | Reached XP level 3. HP: 25/26 MP: 3/3
  1531 | D:3      | Noticed Sigmund
  1569 | D:3      | Found a runed translucent gate.
  1569 | D:3      | Found a runed translucent gate.
  1569 | D:3      | Found a runed translucent gate.
  1574 | D:3      | Reached XP level 4. HP: 31/31 MP: 4/4
  1576 | D:3      | Noticed ongoing's ghost (amateur OpSh)
  1577 | D:3      | Noticed a kobold brigand
  1969 | D:3      | Killed Sigmund
  1970 | D:3      | Reached XP level 5. HP: 28/37 MP: 5/5
  1970 | D:3      | Reached XP level 6. HP: 32/43 MP: 6/6
  2334 | D:4      | Found a blossoming altar of Fedhas.
  2478 | D:4      | Found a glowing silver altar of Zin.
  2767 | D:4      | Reached XP level 7. HP: 49/49 MP: 7/7
  3104 | D:5      | Entered Level 5 of the Dungeon
  3312 | D:5      | Reached skill level 5 in Dodging
  3312 | D:5      | Reached skill level 5 in Shields
  3340 | D:5      | Reached skill level 5 in Fighting
  3366 | D:5      | Noticed Duvessa
  3367 | D:5      | Noticed Dowan
  3379 | D:5      | HP: 1/50 [Duvessa/+2 rapier of venom (10)]
  3380 | D:5      | Succumbed to Duvessa's poison

Illustrated notes

Levels and vault maps discovered:
D:1:      lemuel_arrival_tunnels, layout_basic,
          shapermc_ecumenical_altar_rom_forum, serial_shops, shop
D:2:      layout_basic
D:3:      layout_basic, gammafunk_ghost_nasty_kobolds, uniq_sigmund
D:4:      layout_cave_pools, lemuel_doored_altar, zin_academy,
          dreamdust_gnoll_farm
D:5:      layout_loops_ring, gup_sewer_entry_bubbles, uniq_duvessa, uniq_edmund

Skill      XL: |  1  2  3  4  5  6  7 |
---------------+----------------------+-----
Fighting       | 4 5 |  5.0
Dodging        | 4 5 |  5.0
Shields        | 4 5 |  5.0
Unarmed Combat | 3 4 |  4.5

Action                     |  1- 3 |  4- 6 |  7- 9 || total
---------------------------+-------+-------+-------++-------
  Melee: Unarmed           |    76 |    76 |    40 ||   192
         Constrict         |    22 |    13 |     8 ||    43
         Tentacles         |    22 |    15 |     6 ||    43
         Punch             |     3 |     4 |     2 ||     9
    Use: Scroll            |       |     6 |       ||     6
         Potion            |       |       |     1 ||     1
   Stab: Sleeping          |     7 |     6 |     2 ||    15
         Distracted        |     1 |       |       ||     1
 Armour: Skin              |    24 |    27 |    20 ||    71
  Dodge: Dodged            |    21 |    35 |    15 ||    71
  Block: Buckler           |     8 |    13 |    11 ||    32

Table legend: (Time is in decaauts)
 A = Elapsed time spent in this place.
 B = Non-inter-level travel time spent in this place.
 C = Inter-level travel time spent in this place.
 D = Time resting spent in this place.
 E = Time spent auto-exploring this place.
 F = Levels seen in this place.
 G = Mean time per level.
                   A        B        C        D        E       F      G
               +--------+--------+--------+--------+--------+-----+--------+
         Total |   3375 |   3192 |    183 |    334 |   2100 |   5 |  675.0 |
       Dungeon |   3375 |   3192 |    183 |    334 |   2100 |   5 |  675.0 |
               +--------+--------+--------+--------+--------+-----+--------+

Top non-repeatable levels by time:
     D:1: 986 daAuts
     D:4: 935 daAuts
     D:2: 625 daAuts
     D:3: 554 daAuts
     D:5: 273 daAuts
